 Dungeon Crawl Stone Soup version 0.23.2-1-ga50397a (webtiles) character file.

Game seed: 17838907138927919831

9832 ohad the Martial Artist (level 11, -9/88 HPs)
             Began as an Octopode Transmuter on May 5, 2019.
             Was an Initiate of Gozag.
             Mangled by a blink frog (19 damage)
             ... on level 9 of the Dungeon.
             The game lasted 00:31:37 (13627 turns).

ohad the Martial Artist (Octopode Transmuter)      Turns: 13627, Time: 00:31:38

Health: -9/88      AC:  7    Str:  9    XL:     11   Next: 52%
Magic:  15/17      EV: 15    Int: 27    God:    Gozag
Gold:   737        SH:  0    Dex: 14    Spells: 4/19 levels left

rFire    . . .     SeeInvis .     - Unarmed
rCold    + + +     Gourm    .   (shield currently unavailable)
rNeg     + . .     Faith    .   (helmet currently unavailable)
rPois    +         Spirit   .   (no amulet)
rElec    .         Reflect  .   h - ring of stealth
rCorr    .         Harm     .   r - ring of protection from fire
MR       .....                  H - ring of Xom's Pride {rPois rN+ Int+9}
Stlth    +++.......             E - ring of stealth
HPRegen  0.24/turn              (no ring)
MPRegen  0.15/turn              (no ring)
                                (no ring)
                                (no ring)

@: ice-form
A: large, almost no armour, stealthy swim, amphibious, 8 rings, (constrict 8)
a: End Transformation, Potion Petition, Call Merchant, Bribe Branch, Renounce
Religion


You were on level 9 of the Dungeon.
You worshipped Gozag.
Gozag was pleased with you.
You were not hungry.
You were a creature of crystalline ice.
You visited 3 branches of the dungeon, and saw 12 of its levels.

You collected 1540 gold pieces.
You spent 651 gold pieces at shops.
You paid 152 gold pieces to Gozag.

Inventory:

Hand Weapons
 e - a +0 dagger
 A - a +1 whip of electrocution
Missiles
 a - 94 arrows
 f - 6 javelins (quivered)
 I - a throwing net
Armour
 b - a +0 buckler
Jewellery
 h - a ring of stealth (left front paw)
 i - an uncursed ring of ice
 r - a ring of protection from fire (right front paw)
 E - a ring of stealth (on tentacle)
 H - the ring of Xom's Pride (on tentacle) {rPois rN+ Int+9}
   (You bought it in a shop on level 5 of the Dungeon)

   [ring of poison resistance]

   It affects your intelligence (+9).
   It protects you from poison.
   It protects you from negative energy.
Wands
 p - a wand of iceblast (20)
 x - a wand of flame (18)
 y - a wand of polymorph (12)
 B - a wand of random effects (23)
Scrolls
 d - 5 scrolls of remove curse
 g - 5 scrolls of teleportation
 j - 2 scrolls of fog {unknown}
 o - 3 scrolls of enchant armour {unknown}
 u - a scroll of immolation {unknown}
 z - a scroll of amnesia {unknown}
 C - 2 scrolls of noise {unknown}
 D - a scroll of enchant weapon {unknown}
 F - 2 scrolls of identify
 G - a scroll of brand weapon {unknown}
Potions
 k - 3 potions of haste
 l - a potion of lignification
 m - a potion of magic {unknown}
 n - 3 potions of agility {unknown}
 q - 2 potions of resistance
 s - 5 potions of curing {unknown}
 t - 2 potions of invisibility
 v - 3 potions of brilliance
 w - 3 potions of flight {unknown}
Comestibles
 c - 9 rations


   Skills:
 + Level 6.9 Fighting
 - Level 8.6 Dodging
 - Level 11.9 Unarmed Combat
 - Level 4.5 Spellcasting
 - Level 6.0 Transmutations
 - Level 3.0 Ice Magic


You had 4 spell levels left.
You knew the following spells:

 Your Spells              Type           Power        Failure   Level  Hunger
a - Beastly Appendage     Tmut           #####.       1%          1    None
b - Sticks to Snakes      Tmut           #####...     1%          2    None
c - Spider Form           Tmut/Pois      ###.......   7%          3    ##.....
d - Ice Form              Ice/Tmut       ####....     12%         4    ####...
e - Blade Hands           Tmut           #####.....   17%         5    #####..

Your spell library contained the following spells:

 Spells                   Type           Power        Failure   Level  Hunger
 Ensorcelled Hibernation  Hex/Ice        ##....       6%          2    None
 Corona                   Hex            #......      8%          1    None
 Confuse                  Hex            #.......     22%         3    ##.....
 Dazzling Spray           Conj/Hex       #.....       22%         3    ##.....
 Tukima's Dance           Hex            #.......     22%         3    ##.....


Dungeon Overview and Level Annotations

Branches:
Dungeon (10/15)            Temple (1/1) D:7            Lair (1/6) D:9
    Orc (0/2) D:9

Altars:
Dithmenos
Elyvilon
Fedhas
Gozag
Hepliaklqana
Makhleb
Nemelex Xobeh
Okawaru
Qazlal
Ru
Trog
Uskayaw
Xom
Zin

Shops:
D:5 =   D:9 (

Annotations:
Lair:1 Urug


Innate Abilities, Weirdness & Mutations

You cannot wear most types of armour.
You are very stealthy in the water. (Stealth+)
You are amphibious.
You can wear up to eight rings at the same time.
((You can use your tentacles to constrict eight enemies at once.))
((Your skin changes colour to match your surroundings (Stealth+).))
((Your rubbery body absorbs attacks. (AC +1, EV +1)))


Message History

There is a staircase to the Lair here.
Unknown command.
Unknown command.
Unknown command.
Unknown command.
The blink frog hits you.
* * * LOW HITPOINT WARNING * * *
The blink frog misses you. The blink frog hits you!
* * * LOW HITPOINT WARNING * * *
Okay, then.
Okay, then.
You hit the blink frog but do no damage.
The blink frog barely misses you.
Unknown command.
You punch the blink frog! You freeze the blink frog.
The blink frog is moderately wounded.
The blink frog hits you!!
You die...
Your body crumbles into a pile of gold. ####### ##PPPPP## #### #..PPPPP#

.#.# ##PPPP..P#
.#.#######.PPP.>.P#
............PP...P#
##.######....P.FPP#
.#.# #.....PPYP#
.#.# #.....PPPP#
...# #.#....PPP#
#### #.#.....PP#
#.##....P##
#.###...##
#(.....## ########
#


You could see a blink frog.

Vanquished Creatures
  Harold (D:7)
  Pikel (D:6)
  2 spiny frogs (Lair:1)
  2 komodo dragons
  A merfolk (D:9)
  A troll (D:10)
  A hornet (D:8)
  2 hippogriffs
  A wyvern (D:9)
  3 yaks (D:8)
  A warg (D:9)
  Menkaure (D:7)
  A porcupine (Lair:1)
  6 orc warriors
  4 ogres
  3 ice beasts
  4 sky beasts
  4 black bears
  3 centaurs
  2 crocodiles (D:9)
  2 big kobolds
  9 bullfrogs
  2 gnoll sergeants
  A wyvern skeleton (D:7)
  A scorpion (D:5)
  7 killer bees
  A howler monkey (D:8)
  2 centaur zombies
  7 crimson imps
  2 quasits
  2 jellies
  9 orc priests
  A centaur skeleton (D:7)
  6 hounds
  2 bullfrog skeletons
  3 iguanas
  11 orc wizards
  13 worker ants
  2 hound skeletons
  A worker ant zombie (D:7)
  8 gnolls
  A howler monkey skeleton (D:8)
  12 adders
  5 shadow imps
  2 oozes (D:5)
  An adder zombie (D:5)
  2 adder skeletons
  5 worms
  2 dart slugs
  8 leopard geckos
  33 orcs
  2 ball pythons (D:4)
  5 bats
  4 giant cockroaches
  3 goblins
  7 hobgoblins
  6 jackals (D:4)
  12 kobolds
  5 quokkas
  6 frilled lizards
  A leopard gecko skeleton (D:9)
  A quokka zombie (D:9)
  7 rats
266 creatures vanquished.

Vanquished Creatures (collateral kills)
  An ogre (D:6)
  Blork the orc (D:5)
  A wight (D:6)
  A bullfrog skeleton (D:2)
  2 adders (D:2)
6 creatures vanquished.

Vanquished Creatures (others)
  3 slaves (D:6)
  A bullfrog (D:6)
  A crimson imp (D:6)
  An orc priest (D:6)
  A worker ant (D:6)
  An adder (D:6)
  A jackal skeleton (D:6)
  2 plants (D:9)
11 creatures vanquished.

Grand Total: 283 creatures vanquished

Notes
Turn   | Place    | Note
-------+----------+-------------------------------------------
     0 | D:1      | ohad the Octopode Transmuter began the quest for the Orb.
     0 | D:1      | Reached XP level 1. HP: 13/13 MP: 3/3
   114 | D:1      | Reached XP level 2. HP: 11/18 MP: 3/5
   118 | D:1      | Learned a level 2 spell: Sticks to Snakes
   860 | D:2      | Reached XP level 3. HP: 14/23 MP: 4/6
   868 | D:2      | Learned a level 3 spell: Spider Form
  1184 | D:2      | Reached XP level 4. HP: 23/28 MP: 3/7
  1529 | D:2      | Found a bloodstained altar of Trog.
  1801 | D:2      | Reached skill level 5 in Transmutations
  1997 | D:2      | Reached XP level 5. HP: 33/33 MP: 8/8
  2602 | D:3      | Found a burning altar of Makhleb.
  2809 | D:4      | Noticed an ogre
  3095 | D:4      | Reached XP level 6. HP: 38/38 MP: 4/9
  3174 | D:4      | Learned a level 4 spell: Ice Form
  3252 | D:4      | Reached skill level 1 in Ice Magic
  3870 | D:4      | Reached XP level 7. HP: 40/43 MP: 9/11
  4218 | D:5      | Entered Level 5 of the Dungeon
  4673 | D:5      | Found Piac's Jewellery Emporium.
  4734 | D:5      | Reached skill level 4 in Unarmed Combat
  4875 | D:5      | Reached XP level 8. HP: 20/48 MP: 9/14
  5249 | D:5      | Noticed Blork the orc
  5254 | D:5      | Killed Blork the orc
  5254 | D:5      | Reached skill level 5 in Unarmed Combat
  5630 | D:6      | Reached skill level 6 in Unarmed Combat
  6184 | D:6      | Noticed Pikel
  6223 | D:6      | Killed Pikel
  6223 | D:6      | Reached XP level 9. HP: 44/63 MP: 12/15
  6420 | D:6      | Found a blossoming altar of Fedhas.
  6638 | D:6      | Reached skill level 5 in Dodging
  7520 | D:7      | Noticed Menkaure
  7530 | D:7      | Killed Menkaure
  7587 | D:7      | Learned a level 5 spell: Blade Hands
  7951 | D:7      | Found a staircase to the Ecumenical Temple.
  7955 | D:7      | Reached skill level 7 in Unarmed Combat
  7967 | Temple   | Entered the Ecumenical Temple
  8160 | Temple   | Became a worshipper of Gozag Ym Sagoz the Greedy
  8250 | D:7      | Reached XP level 10. HP: 69/69 MP: 13/16
  8281 | D:7      | Noticed Harold
  8296 | D:7      | Killed Harold
  8296 | D:7      | Reached skill level 9 in Unarmed Combat
  9421 | D:8      | Reached skill level 10 in Unarmed Combat
  9884 | D:8      | Reached skill level 11 in Unarmed Combat
 10019 | D:5      | Bought the ring of Xom's Pride {rPois rN+ Int+9} for 651
                  | gold pieces
 10445 | D:8      | Found a sparkling altar of Nemelex Xobeh.
 10664 | D:9      | Found Besereh's Weapon Boutique.
 10719 | D:9      | Reached XP level 11. HP: 74/74 MP: 17/17
 11137 | D:9      | Found a staircase to the Lair.
 12157 | D:9      | Found a staircase to the Orcish Mines.
 12635 | D:10     | Entered Level 10 of the Dungeon
 12690 | D:10     | Noticed a two-headed ogre
 12899 | Lair:1   | Entered Level 1 of the Lair of Beasts
 13617 | Lair:1   | Noticed Urug
 13627 | D:9      | Mangled by a blink frog

Skill      XL: |  1  2  3  4  5  6  7  8  9 10 11 |
---------------+----------------------------------+-----
Transmutations | 4 5 6 |  6.0
Ice Magic      | 3 |  3.0
Spellcasting   | 4 |  4.5
Unarmed Combat | 4 6 7 11 | 11.9
Fighting       | 6 |  6.9
Dodging        | 6 8 |  8.6

Action                   |  1- 3 |  4- 6 |  7- 9 | 10-12 || total
-------------------------+-------+-------+-------+-------++-------
Melee: Unarmed           |    54 |   153 |   246 |   305 ||   758
       Constrict         |    16 |    16 |     8 |     5 ||    45
       Tentacles         |     8 |     6 |     8 |     4 ||    26
       Kick              |     7 |     6 |       |       ||    13
       Punch             |     1 |       |       |       ||     1
 Cast: Beastly Appendage |    10 |     7 |       |       ||    17
       Sticks to Snakes  |     1 |     9 |    11 |    15 ||    36
       Spider Form       |       |    15 |       |       ||    15
       Ice Form          |       |     1 |    28 |    38 ||    67
Invok: Potion Petition   |       |       |       |     1 ||     1
  Use: Scroll            |     1 |     7 |       |     2 ||    10
 Stab: Sleeping          |     7 |    14 |     4 |     9 ||    34
       Distracted        |       |     1 |     1 |     2 ||     4
  Eat: Chunk             |     1 |    12 |    17 |       ||    30
       Ration            |       |       |     1 |     7 ||     8
Armor: Skin              |     4 |    13 |    44 |    60 ||   121
Dodge: Dodged            |    33 |   105 |   109 |   199 ||   446
